 Dungeon Crawl Stone Soup version 0.22.0-38-g04b72b8 (webtiles) character file.

0 Monsterracer the Firebug (level 1, -1/7 HPs)
             Began as a Felid Fire Elementalist on Aug 27, 2018.
             Slain by a goblin
             ... wielding a +0 club
              (6 damage)
             ... on level 1 of the Dungeon.
             The game lasted 00:00:50 (150 turns).

Monsterracer the Firebug (Felid Fire Elementalist)   Turns: 150, Time: 00:00:51

Health: -1/7       AC:  1    Str:  4    XL:     1   Next: 8%
Magic:  4/4        EV: 18    Int: 16    God:
Gold:   3          SH:  0    Dex: 16    Spells: 3/4 levels left
                                        Lives:  0   Deaths: 0

rFire    . . .     SeeInvis +   (weapon unavailable)
rCold    . . .     Gourm    .   (shield unavailable)
rNeg     . . .     Faith    .   (armour unavailable)
rPois    .         Spirit   .   (helmet unavailable)
rElec    .         Reflect  .   (cloak unavailable)
rCorr    .         Harm     .   (gloves unavailable)
MR       .....                  (boots unavailable)
Stlth    +++.......             (no amulet)
HPRegen  0.02/turn              (no ring)
MPRegen  0.09/turn              (no ring)

@: quick
A: very small, no armour, no weapons or thrown items, stealth, claws 1, fangs 3,
see invisible, carnivore, speed 1, shaggy fur 1, slow metabolism 1, sharp paws
a: no special abilities


You were on level 1 of the Dungeon.
You were not hungry.

You visited 1 branch of the dungeon, and saw 1 of its levels.

You collected 3 gold pieces.

Inventory:

Comestibles
 c - a ration


   Skills:
 - Level 2.6 Dodging
 - Level 2.6 Stealth
 + Level 2.0 Spellcasting
 * Level 0.9 Conjurations
 * Level 2.7 Fire Magic


You had 3 spell levels left.
You knew the following spells:

 Your Spells              Type           Power        Failure   Level  Hunger
a - Flame Tongue          Conj/Fire      #....        10%         1    #......

Your spell library contained the following spells:

 Spells                   Type           Power        Failure   Level  Hunger
 Throw Flame              Conj/Fire      #.....       16%         2    ###....
 Conjure Flame            Conj/Fire      #.......     30%         3    ###....
 Inner Flame              Hex/Fire       #.......     34%         3    ###....
 Sticky Flame             Conj/Fire      #.......     69%         4    #####..
 Fireball                 Conj/Fire      #.........   95%         5    ######.


Dungeon Overview and Level Annotations

Branches:
Dungeon (1/15)

Altars:


Innate Abilities, Weirdness & Mutations

You cannot wear armour.
You are incapable of wielding weapons or throwing items.
Your paws allow you to move quietly. (Stealth)
You have sharp claws.
You have razor-sharp teeth.
You have supernaturally acute eyesight. (SInv)
You are carnivorous and can eat meat at any time.
You cover ground quickly.
You are covered in fur. (AC +1)
You have a slow metabolism.
Your sharp claws are effective at attacking unaware monsters.


Message History

c - a ration Welcome, Monsterracer the Felid Fire Elementalist.
The bosom of this dungeon contains the fabled artefact, the Orb of Zot.
Press ? for a list of commands and other information.
Found a staircase leading out of the dungeon.
You enter the shallow water.
Moving in this stuff is going to be slow.
Found a hat.
You enter the shallow water.
Moving in this stuff is going to be slow.
A goblin comes into view. It is wielding a club.
Found 26 gold pieces.
You can't grasp things well enough to throw them.
You aren't carrying any scrolls.
The goblin shouts!
A goblin comes into view. It is wielding an enchanted dagger.
Found a robe.
The goblin barely misses you.
Found a scroll labeled JOEM EHEVEKEU.
Found a white potion and 25 bolts.
A hobgoblin comes into view.
The goblin hits you but does no damage. The goblin completely misses you.
The goblin closely misses you. The goblin hits you with a club.
You take 3 damage, and have 4/7 hp.
MASSIVE DAMAGE!!
The goblin misses you.
A bat comes into view.
Found 3 gold pieces.
A rat comes into view.
Found a stone staircase leading down.
Casting: Flame Tongue (safe; 10% risk of failure)
Confirm with . or Enter, or press ? or * to list all spells.
Aiming: Flame Tongue (safe; 10% risk of failure)
Press: ? - help, Shift-Dir - straight line, f - bat
Aim: a bat (resting)
The flame tongue hits the bat.
You kill the bat!
You now have 3/4 mp.
The rat twitches its whiskers.
The rat bites you but does no damage.
Found a mace.
MP restored: 4 You see here 3 gold pieces.
You now have 3 gold pieces.
The goblin hits you but does no damage.
You see here a bat corpse.
You see here a hat.
Found 28 gold pieces.
Found 31 gold pieces.
You scratch the fungus.
The fungus is lightly damaged.
You completely miss the fungus.
The fungus is lightly damaged.
The goblin closely misses you.
You scratch the fungus.
The fungus is lightly damaged.
The goblin completely misses you.
You scratch the fungus.
The fungus is lightly damaged.
The goblin misses you.
You scratch the fungus but do no damage.
The fungus is lightly damaged.
The goblin closely misses you.
You scratch the fungus.
The fungus is lightly damaged.
The goblin hits you but does no damage.
You scratch the fungus.
The fungus is moderately damaged.
The goblin misses you.
You scratch the fungus but do no damage.
The fungus is moderately damaged.
The goblin closely misses you.
You scratch the fungus. You bite the fungus, but do no damage.
The fungus is moderately damaged.
The goblin hits you but does no damage.
Found a scroll labeled BOATERR OSETITHRONN.
Found 6 gold pieces.
The goblin barely misses you. The goblin misses you.
The goblin hits you with a club.
Ouch! That really hurt!
You die...

♣P≈♣≈♣≈♣P≈♣♣≈♣≈P
#.#..##♣♣≈♣≈♣≈♣♣≈≈≈≈♣≈♣
.#.#..?..♣≈♣≈♣♣≈♣♣♣♣P♣≈♣
.$.......♣.♣♣≈♣♣≈≈≈♣♣♣≈♣
#...#.#.♣♣≈♣♣≈♣♣♣♣≈≈≈♣♣
. ........♣♣.♣♣≈≈≈♣♣P♣♣.
..........#♣♣.♣♣♣≈<♣♣♣#.
#..#.#..##♣♣..♣♣♣♣ #.
#....@g..........####.
#...PPPPP........[......
#.#.P$$$P......#.#...##.
#.P$$$P......#.#.#.##.
#.P$$$P......#........
...PPPPP...............
#.#.................[...
#.......#.......####.###
#.###.#.......# #..


You could see a goblin.

Vanquished Creatures
  A bat (D:1)
1 creature vanquished.

Notes
Turn   | Place    | Note
-------+----------+-------------------------------------------
     0 | D:1      | Monsterracer the Felid Fire Elementalist began the quest for the Orb.
     0 | D:1      | Reached XP level 1. HP: 7/7 MP: 4/4
   150 | D:1      | Slain by a goblin

Action                   || total
-------------------------++-------
Melee: Unarmed           ||     9
       Bite              ||     1
 Cast: Flame Tongue      ||     1
Armor: Skin              ||     5
Dodge: Dodged            ||    12

Vault maps used:
D:1:      nagdon_arrival_double_spiral, minmay_gold_behind_fungi
